Map: Blackpink LE

Players

Infamous

  • Race: Zerg Zerg
  • League: Silver
  • Spawn Location: 1:00

MrDugu - Winner!

  • Race: Terran Terran
  • League: Silver
  • Spawn Location: 7:00

VOD

Have the link to the VOD?

Description

Time

  • Played on: March 11, 2018, 2:12 p.m.
  • Length: 6:26
Show
View Real Time Build Order
Export as new Build Order

Infamous Zerg 

Build Orders: Pool First 

Get SALT Encoding   

  12  0:02  Drone  
  13  0:14  Overlord  
  13  0:36  Drone  
  13  0:40  Drone  
  15  0:47  Extractor  
  14  0:51  Drone  
  15  1:02  Spawning Pool  
  14  1:07  Drone  
  15  1:12  Drone  
  16  1:25  Drone  
  17  1:51  Drone  
  17  1:52  Queen, Hatchery  
  19  1:55  Overlord  
  19  1:58  Drone  
  20  2:12  Drone  
  20  2:33  Zergling x4  
  22  2:40  Queen  
  22  2:43  Drone  
  25  3:15  Drone  
  25  3:33  Queen  
  27  3:35  Drone x2  
  27  3:39  Zergling x2  
  27  3:40  Zergling x2  
  29  3:49  Zergling x4  
  27  4:02  Drone  
  28  4:03  Drone  
  29  4:11  Drone x2  
  29  4:13  Queen  
  33  4:40  Drone x2  
  35  4:48  Queen  
  34  4:56  Evolution Chamber  
  32  5:08  Drone  
  32  5:09  Queen  
  32  5:10  Overlord  
  32  5:11  Overlord  
  33  5:39  Zergling x2  
  33  5:40  Zergling x6  
  33  5:51  Zergling x4  
  23  6:08  Drone x2  
Show
View Real Time Build Order
Export as new Build Order

MrDugu Terran - Winner!

Build Orders:  

Get SALT Encoding   

  12  0:02  SCV  
  14  0:14  SCV  
  14  0:26  SCV  
  15  0:30  Supply Depot  
  15  0:38  Refinery  
  15  0:51  SCV  
  15  0:53  Barracks  
  16  1:00  Supply Depot  
  16  1:03  SCV  
  17  1:15  SCV  
  18  1:25  Barracks  
  18  1:31  SCV  
  19  1:42  Refinery  
  19  1:43  Reaper  
  20  1:47  Orbital Command  
  20  2:12  Reaper  
  21  2:24  Reaper  
  21  2:25  SCV  
  23  2:44  SCV  
  23  2:46  Command Center  
  23  2:48  Barracks Tech Lab  
  24  3:29  Reaper  
  25  3:35  Reaper  
  26  4:10  Reaper  
  26  4:11  Reaper  
  28  4:29  SCV  
  29  4:41  SCV  
  28  5:02  Marine, Marauder  
  31  5:20  Marine  
Tags
 
Matchup
TvZ
Opening
Pool First
Replay Pack
Last Remnant (2)
Spawn Locations
Cross Positions
Add a new tag
Caveats
  • Supply blocks, unpowered buildings, or Contaminate may cause inaccurate times.
  • Supply counts are checked every 10 seconds.